Orko, chaotic male orcish Wizard ------- |.....-# # ---.------------.--------------- |..^..|# ### |.............)................| |..>.I|I ## ..---..-|..-.-----.-.--..-----.| |...).=####[#-......|..|...| +..-...|.| |....=|# # |.........|...| |........| -.---.-# ##..--|.......... - ---|..|...|.| "# ### .......|......|.| .|[(|...-.-|.. # # |.----.|..||.......|))|.|....... # # |....-..|....{..-|-|..|.-.._...| # # |.|....*...........-|--.|....|.| # # |.|..--|--.-..-+--...(.......|.| # ### #.....|...|.+ | |...--------|.| -----|-- ### |.|..|*)!|.| |..%.|#.|%[.+.| |....I.| ### |.|..|)[[|.---- |....|..|`..|.| |...I..| # |.-|------..{.---------|------.| |..o...| ##...............................| -------- -------------------------------- Orko the Thaumaturge Experience level: 7 Strength: 11 Dexterity: 16 Constitution: 17 Intelligence: 16 Wisdom: 5 Charisma: 9 Health: 0(53) Energy: 6(46) Def: 5 Gold: 6 Moves: 3906 Dungeon seed: JcS1HiG-vvGTPuwl Game ID: Orko_1568790785 Your Inventory: Rings r - an uncursed +2 ring of protection C - an uncursed ring of polymorph control D - an uncursed ring of shock resistance (on left hand) M - an uncursed +1 ring of protection Armor h - an uncursed +0 dwarvish iron helm (being worn) k - an uncursed +0 mummy wrapping n - an uncursed +0 cloak of magic resistance (being worn) z - an uncursed +0 pair of iron shoes (being worn) Y - a blessed +0 dwarvish cloak Weapons a - a blessed +0 dagger (weapon in hand) b - a blessed +1 quarterstaff (alternate weapon; not wielded) i - 4 uncursed +3 darts q - 11 uncursed +0 daggers (in quiver) x - 16 uncursed +0 darts E - 5 cursed -1 daggers O - an uncursed +0 lucern hammer Wands B - an uncursed wand of undead turning (0:5) L - an uncursed wand of light named zi (0:6) Potions s - an uncursed potion of object detection F - an uncursed potion of gain ability X - an uncursed potion of paralysis Scrolls v - an uncursed scroll of identify w - an uncursed scroll of stinking cloud I - an uncursed scroll of earth J - an uncursed scroll of food detection Comestibles g - an uncursed food ration t - an uncursed cram ration A - an uncursed slice of pizza Q - an uncursed pear U - an uncursed lizard corpse Tools e - an uncursed oil lamp (0:139) j - an uncursed lock pick m - an uncursed mirror p - an uncursed partly used wax candle (0:218) P - an uncursed tin whistle R - an uncursed wax candle (0:400) Gems f - an uncursed aquamarine stone named <. 3> l - 2 uncursed worthless pieces of yellow glass o - an uncursed worthless piece of white glass u - an uncursed dilithium crystal y - an uncursed worthless piece of red glass G - 2 uncursed worthless pieces of green glass N - an uncursed worthless piece of black glass T - an uncursed diamond V - an uncursed emerald Coins $ - 6 gold pieces Spells and supernatural/magical abilities: Name Level Category Fail Memory a - force bolt 1 attack 14% 81% h - healing 1 healing 14% 81% W - pray for help -- divine ? -- Your skills at the end: Fighting Skills Weapon Skills dagger [Skilled] quarterstaff [Basic] Spellcasting Skills attack spells [Basic] enchantment spells [Basic] Final Attributes: You were piously aligned. You were shock resistant. You were poison resistant. You were magic-protected. You were hallucinating. You had infravision. You are dead. Vanquished creatures: a leather golem a watchman a giant beetle an orc-captain an iron piercer a mumak a giant spider a gnome king a lizard a dwarf lord a blue jelly a mountain nymph 6 gnome lords 4 gnomish wizards a kobold mummy a guardian naga hatchling a straw golem 7 dwarves 5 rothes a rabid rat a giant bat 5 monkeys 2 iguanas 3 hobbits 2 giant rats a brown mold a yellow mold 2 red molds 27 gnomes 2 geckos 2 jackals 2 foxes a kobold 2 sewer rats 2 grid bugs a newt and a partridge in a pear tree 94 creatures vanquished. Voluntary challenges: You were an atheist. You used a wielded weapon 118 times, starting on turn 143. You read items or engraved 4 times, starting on turn 1175. You never genocided any monsters. You never polymorphed an object. You never changed form. You used no wishes. You never split a pudding. You never wrote Elbereth's name. You violated your moral code, losing 34 points of alignment, starting on turn 2603. You abstained from Elbereth's help. You werepermanently hallucinating. Dungeon overview: The Dungeons of Doom: levels 1 to 4 Level 1 a fountain a long staircase Level 2 some fountains Level 3 a jewelry store, a fountain stairs to The Gnomish Mines Level 4 The Gnomish Mines: levels 4 to 9 Level 4 stairs to The Dungeons of Doom Level 5 Level 6 <- You were here some shops, a temple to Anhur, some fountains, a sink Level 7 Level 8 Level 9 History has recorded: On T:1 you entered the Dungeons of Doom to retrieve the Amulet of Yendor! On T:102 you reached level 2 of The Dungeons of Doom. On T:259 you reached level 3 of The Dungeons of Doom. On T:981 you reached level 4 of The Dungeons of Doom. On T:1036 you reached level 1 of The Gnomish Mines. On T:1084 you advanced to experience level 2. On T:1096 you advanced to experience level 3. On T:1199 you advanced to experience level 4. On T:1582 you reached level 2 of The Gnomish Mines. On T:1595 you advanced to experience level 5. On T:1631 you reached level 3 of The Gnomish Mines. On T:1803 you reached level 5 of The Gnomish Mines. On T:1893 you advanced to experience level 6. On T:2017 you reached level 6 of The Gnomish Mines. On T:2113 you reached level 4 of The Gnomish Mines. On T:2733 you advanced to experience level 7. Score breakdown: Gold: 6 ( 2874 points) Experience: 7 levels (13645 points) Exploration: 9 levels ( 18.37%) (12247 points) Discoveries: 6 items ( 2.17%) ( 4423 points) Valuables value: (no points given unless you survive) Artifact value: 0 ( 0 points) Variety of kills: 36 monsters ( 9.45%) ( 9221 points) Turncount: 3906 turns ( -989 points) Survival: died (score multiplied by 80%) Total score: 33136 Latest messages: You fail to cast the spell correctly. The spell hits it. The samurai rabbit gets angry! The succubus zaps himself with a glass wand! You throw 2 daggers. It hits! You see here a rothe corpse. It hits! (2x) You feel better. The door closes. You see a door open. You fail to cast the spell correctly. You feel better. It hits! (4x) You die... Final status: Goodbye Orko the Wizard, killed by an invisible watch captain... You died in The Gnomish Mines on dungeon level 6 with 33136 points, and 6 pieces of gold, after 3906 moves. You were level 7 with a maximum of 53 hit points when you died.